 Dungeon Crawl Stone Soup version 0.23-a0-767-gdc19b93d68 (webtiles) character file.

100 Hercules1031 the Skirmisher (level 4, 0/35 HPs)
             Began as a Demonspawn Fighter on Jan 24, 2019.
             Succumbed to an adder's poison
             ... on level 3 of the Dungeon.
             The game lasted 00:03:37 (1496 turns).

Hercules1031 the Skirmisher (Demonspawn Fighter)    Turns: 1496, Time: 00:03:38

Health: 0/35       AC:  8    Str: 22      XL:     4   Next: 46%
Magic:  4/4        EV:  8    Int:  8 (9)  God:
Gold:   74         SH:  9    Dex: 11 (13) Spells: 3/3 levels left

rFire    . . .     SeeInvis .   a - +0 war axe
rCold    . . .     Gourm    .   c - +0 shield
rNeg     . . .     Faith    .   b - +0 scale mail
rPois    .         Spirit   .   (helmet restricted)
rElec    .         Reflect  .   (no cloak)
rCorr    .         Harm     .   j - +0 pair of gloves
MR       +....                  (no boots)
Stlth    ..........             (no amulet)
HPRegen  0.11/turn              i - ring of protection from magic
MPRegen  0.09/turn              (no ring)

@: mighty, lethally poisoned (0 -> -2)
A: antennae 1, mutation resistance 1
a: no special abilities


You were on level 3 of the Dungeon.
You were full.

You visited 1 branch of the dungeon, and saw 3 of its levels.

You collected 74 gold pieces.

Inventory:

Hand Weapons
 a - a +0 war axe (weapon)
Armour
 b - a +0 scale mail (worn)
 c - a +0 shield (worn)
 j - a +0 pair of gloves (worn)
Jewellery
 i - a ring of protection from magic (left hand)
Wands
 l - a wand of flame (21)
Scrolls
 e - 3 scrolls of identify
 g - a scroll of fear {unknown}
 h - 2 scrolls of remove curse {unknown}
 k - a scroll of enchant weapon {unknown}
Comestibles
 f - 2 rations


   Skills:
 + Level 3.5 Fighting
 + Level 2.4 Axes
 + Level 3.2 Armour
 + Level 1.4 Dodging
 + Level 3.2 Shields


You had 3 spell levels left.
You didn't know any spells.
Your spell library was empty.

Dungeon Overview and Level Annotations

Branches:
Dungeon (3/15)

Altars:


Innate Abilities, Weirdness & Mutations

You have a pair of small antennae on your head.
You are somewhat resistant to further mutation.


Message History

* * * LOW HITPOINT WARNING * * *
You feel sick.
An orc comes into view. It is wielding a +0 flail.
The orc shouts!
* * * LOW HITPOINT WARNING * * *
You feel sick. You block the orc's attack.
You hit the orc.
The orc is moderately wounded.
* * * LOW HITPOINT WARNING * * *
You feel sick. The orc hits you but does no damage.
You barely miss the orc.
The orc is moderately wounded.
You block the orc's attack.
You hit the orc.
The orc is heavily wounded.
You block the orc's attack.
You closely miss the orc.
The orc is heavily wounded.
You die...

#.###...#####
.......()#######
..####))[$......
#.......####
####.##....#
........##.#
####....# .#
#.##.# # #.. #@#
.......o.......
#.#...#.##.####
#.##.##.# # #.
#.# # #.# ..#
###


You could see an orc.

Vanquished Creatures
  An orc priest (D:3)
  2 adders
  2 worms (D:2)
  2 dart slugs
  A leopard gecko (D:2)
  4 orcs (D:3)
  A ball python (D:2)
  2 giant cockroaches
  8 goblins
  3 hobgoblins
  3 quokkas
  3 bats (D:1)
  A frilled lizard (D:1)
  4 kobolds
  2 rats (D:1)
39 creatures vanquished.

Notes
Turn   | Place    | Note
-------+----------+-------------------------------------------
     0 | D:1      | Hercules1031 the Demonspawn Fighter began the quest for the
                  | Orb.
     0 | D:1      | Reached XP level 1. HP: 18/18 MP: 1/1
   187 | D:1      | Gained mutation: You have a pair of small antennae on your
                  | head. [demonic ancestry]
   187 | D:1      | Reached XP level 2. HP: 21/24 MP: 2/2
   812 | D:2      | Reached XP level 3. HP: 21/29 MP: 3/3
   851 | D:2      | Found a faded altar of an unknown god.
   865 | D:2      | Reached skill level 1 in Dodging
  1277 | D:2      | Gained mutation: You are somewhat resistant to further
                  | mutation. [potion of mutation]
  1476 | D:3      | Reached XP level 4. HP: 15/35 MP: 4/4
  1490 | D:3      | HP: 1/35 [poisoned by an adder]
  1496 | D:3      | Succumbed to an adder's poison

Vault maps used:
D:1:      dpeg_arrival_pond
D:2:      chequers_ecumenical_altar_simple_redux
D:3:      st_stairs_1

Skill      XL: |  1  2  3 |
---------------+----------+-----
Axes           | 2 |  2.4
Dodging        | 1 |  1.4
Armour         | 3 |  3.2
Shields        | 3 |  3.2
Fighting       | |  3.5

Action                   |  1- 3 |  4- 6 || total
-------------------------+-------+-------++-------
Melee: War axe           |   133 |    10 ||   143
  Use: Scroll            |     1 |       ||     1
       Potion            |     4 |       ||     4
  Eat: Ration            |     2 |       ||     2
Armor: Scale mail        |    63 |     4 ||    67
Dodge: Dodged            |    49 |     5 ||    54
Block: Shield            |    66 |    10 ||    76

Table legend:
 A = Non-vault XP
 B = Vault XP
 C = Vault XP percentage of total XP
 D = Non-vault monster count
 E = Vault monster count
 F = Vault count percentage of total count
                 A         B        C        D         E       F
            +---------+---------+-------+---------+---------+-------
      Total |     143 |       0 |   0.0 |      39 |       0 |   0.0
            +---------+---------+-------+---------+---------+-------
        D:1 |      27 |       0 |   0.0 |      17 |       0 |   0.0
        D:2 |      41 |       0 |   0.0 |      11 |       0 |   0.0
        D:3 |      75 |       0 |   0.0 |      11 |       0 |   0.0
            +---------+---------+-------+---------+---------+-------
